BSA
PORTLAND PHILOSPHER KINGS @ VISTA PANTHERS
09/22/2024
 
TOP OF THE 1ST
Portland Philospher Kings batting - Pitching for Vista Panthers : LHP Josh Baker
Pitching: LHP Josh Baker
Batting: RHB Kazushige Aoki 0-0: DOUBLE (Groundball, 5L)
Batting: RHB Paco Arellano 0-0: Ball
1-0: Called Strike
1-1: Ground out 5-3 (Groundball, 5S)
Kazushige Aoki to third
Batting: LHB Jeff Daniels 0-0: Fly out, F8 (Flyball, 8LXD)
Runner from 3rd tags up, SCORES, no throw
Batting: SHB José Alomar 0-0: Foul Ball, location: 2F
0-1: Foul Ball, location: 2F
0-2: Ball
1-2: SINGLE (Groundball, 34D)
Batting: RHB Aaron Scott 0-0: Called Strike
0-1: Ball
1-1: Ball
2-1: Ball
3-1: Ground out 4-3 (Groundball, 4)
Top of the 1st over - 1 run(s), 2 hit(s), 0 error(s), 1 left on base; Portland 1 - Vista 0
BOTTOM OF THE 1ST
Vista Panthers batting - Pitching for Portland Philospher Kings : LHP Allan Bader
Pitching: LHP Allan Bader
Batting: RHB John Mendelson 0-0: Ball
1-0: Foul Ball, location: 2F
1-1: Ground out 6-3 (Groundball, 6)
Batting: RHB Alonso Sánchez 0-0: Ball
1-0: Ball
2-0: Foul Ball, location: 2F
2-1: Ground out 5-3 (Groundball, 6)
Batting: RHB Roberto Cruz 0-0: Ball
1-0: Called Strike
1-1: Foul Ball, location: 2F
1-2: Foul Ball, location: 2F
1-2: Ground out 5-3 (Groundball, 5S)
Bottom of the 1st over - 0 run(s), 0 hit(s), 0 error(s), 0 left on base; Portland 1 - Vista 0
TOP OF THE 2ND
Portland Philospher Kings batting - Pitching for Vista Panthers : LHP Josh Baker
Batting: LHB Keith Beard 0-0: Ball
1-0: Foul Ball, location: 2F
1-1: Ground out 4-3 (Groundball, 4)
Batting: RHB Claudio Guerra 0-0: Ground out 4-3 (Groundball, 4M)
Batting: LHB Paul Mullins 0-0: Ball
1-0: Ball
2-0: Ground out U3 (Groundball, 3)
Top of the 2nd over - 0 run(s), 0 hit(s), 0 error(s), 0 left on base; Portland 1 - Vista 0
BOTTOM OF THE 2ND
Vista Panthers batting - Pitching for Portland Philospher Kings : LHP Allan Bader
Batting: SHB Juan Gómez 0-0: Swinging Strike
0-1: Ball
1-1: Ground out 5-3 (Groundball, 5)
Batting: LHB Harry Pitts 0-0: Ball
1-0: Called Strike
1-1: Ball
2-1: Called Strike
2-2: Ball
3-2: Foul Ball, location: 2F
3-2: Foul Ball, location: 2F
3-2: Foul Ball, location: 2F
3-2: Strikes out swinging
Batting: LHB Pablo Rivas 0-0: Ground out 5-3 (Groundball, 5S)
Bottom of the 2nd over - 0 run(s), 0 hit(s), 0 error(s), 0 left on base; Portland 1 - Vista 0
TOP OF THE 3RD
Portland Philospher Kings batting - Pitching for Vista Panthers : LHP Josh Baker
Batting: LHB Bill Bertrand 0-0: Ball
1-0: SINGLE (Groundball, 34)
Batting: RHB Kazushige Aoki 0-0: Called Strike
0-1: Grounds into double play, 6-4-3 (Groundball, 6M)
Batting: RHB Paco Arellano 0-0: Called Strike
0-1: Called Strike
0-2: Ball
1-2: Foul Ball, location: 2F
1-2: Fly out, F8 (Flyball, 8RS)
Top of the 3rd over - 0 run(s), 1 hit(s), 0 error(s), 0 left on base; Portland 1 - Vista 0
BOTTOM OF THE 3RD
Vista Panthers batting - Pitching for Portland Philospher Kings : LHP Allan Bader
Batting: RHB Jason Jackson 0-0: Called Strike
0-1: Ball
1-1: Foul Ball, location: 2F
1-2: Fly out, F7 (Flyball, 78M)
Batting: RHB Salvador Salas 0-0: Fly out, F7 (Flyball, 7M)
Batting: RHB Javier Deleón 0-0: Called Strike
0-1: Swinging Strike
0-2: Ball
1-2: Ball
2-2: Ground out 5-3 (Groundball, 56S)
Bottom of the 3rd over - 0 run(s), 0 hit(s), 0 error(s), 0 left on base; Portland 1 - Vista 0
TOP OF THE 4TH
Portland Philospher Kings batting - Pitching for Vista Panthers : LHP Josh Baker
Batting: LHB Jeff Daniels 0-0: SINGLE (Groundball, 34D)
Batting: SHB José Alomar 0-0: Ball
1-0: Called Strike
1-1: Ball
2-1: Ball
3-1: Called Strike
3-2: 2-RUN HOME RUN (Line Drive, 7D), Distance : 434 ft
Batting: RHB Aaron Scott 0-0: Ball
1-0: Ball
2-0: Ball
3-0: Base on Balls
Batting: LHB Keith Beard 0-0: Ball
1-0: Ball
2-0: Swinging Strike
2-1: Foul Ball, location: 2F
2-2: Ball
3-2: Base on Balls
Aaron Scott to second
Batting: RHB Claudio Guerra 0-0: Grounds into double play, 5-4-3 (Groundball, 5)
Aaron Scott to third
Batting: LHB Paul Mullins 0-0: Ball
1-0: Ball
2-0: Ball
3-0: Called Strike
3-1: Called Strike
3-2: Strikes out swinging
Top of the 4th over - 2 run(s), 2 hit(s), 0 error(s), 1 left on base; Portland 3 - Vista 0
BOTTOM OF THE 4TH
Vista Panthers batting - Pitching for Portland Philospher Kings : LHP Allan Bader
Batting: RHB John Mendelson 0-0: Ball
1-0: Ball
2-0: Ball
3-0: Base on Balls
Batting: RHB Alonso Sánchez 0-0: Ball
1-0: Ball
2-0: Ball
John Mendelson steals 2nd base
3-0: Called Strike
3-1: Foul Ball, location: 2F
3-2: Foul Ball, location: 2F
3-2: Ground out 6-3 (Groundball, 56)
Batting: RHB Roberto Cruz 0-0: Called Strike
0-1: Ball
1-1: Foul Ball, location: 2F
1-2: Ball
2-2: SINGLE (Line Drive, 34)
John Mendelson to third
Batting: SHB Juan Gómez 0-0: Foul Ball, location: 2F
0-1: Swinging Strike
0-2: Strikes out looking
Batting: LHB Harry Pitts 0-0: Fly out, F9 (Flyball, 8RD)
Bottom of the 4th over - 0 run(s), 1 hit(s), 0 error(s), 2 left on base; Portland 3 - Vista 0
TOP OF THE 5TH
Portland Philospher Kings batting - Pitching for Vista Panthers : LHP Josh Baker
Batting: LHB Bill Bertrand 0-0: Swinging Strike
0-1: Ball
1-1: Swinging Strike
1-2: SINGLE (Line Drive, 4D)
Batting: RHB Kazushige Aoki 0-0: Ball
1-0: Ball
2-0: Called Strike
2-1: Fly out, F7 (Flyball, 7D)
Batting: RHB Paco Arellano 0-0: Called Strike
0-1: Foul Ball, location: 2F
0-2: Ball
1-2: Strikes out looking
Batting: LHB Jeff Daniels 0-0: Called Strike
0-1: Called Strike
0-2: Foul Ball, location: 2F
0-2: Ball
1-2: Ball
2-2: Foul Ball, location: 2F
2-2: Foul Ball, location: 2F
2-2: Ground out 3-1 (Groundball, 34S)
Top of the 5th over - 0 run(s), 1 hit(s), 0 error(s), 1 left on base; Portland 3 - Vista 0
BOTTOM OF THE 5TH
Vista Panthers batting - Pitching for Portland Philospher Kings : LHP Allan Bader
Batting: LHB Pablo Rivas 0-0: Called Strike
0-1: SINGLE (Groundball, 56D)
Batting: RHB Jason Jackson 0-0: Ball
1-0: Foul Ball, location: 2F
1-1: Ball
2-1: Swinging Strike
2-2: Grounds into double play, 6-4-3 (Groundball, 6)
Batting: RHB Salvador Salas 0-0: Ground out 6-3 (Groundball, 6)
Bottom of the 5th over - 0 run(s), 1 hit(s), 0 error(s), 0 left on base; Portland 3 - Vista 0
TOP OF THE 6TH
Portland Philospher Kings batting - Pitching for Vista Panthers : LHP Josh Baker
Batting: SHB José Alomar 0-0: Called Strike
0-1: Ball
1-1: SOLO HOME RUN (Flyball, 78XD), Distance : 415 ft
Batting: RHB Aaron Scott 0-0: Called Strike
0-1: Swinging Strike
0-2: SINGLE (Groundball, 56D) (infield hit)
Batting: LHB Keith Beard 0-0: Ball
1-0: Foul Ball, location: 2F
1-1: Ball
2-1: Foul Ball, location: 2F
2-2: Fielders Choice at 2nd, 1-6 (Groundball, 25)
Batting: RHB Claudio Guerra 0-0: Ball
1-0: Called Strike
1-1: Called Strike
1-2: Ball
2-2: Foul Ball, location: 2F
2-2: Foul Ball, location: 2F
2-2: Ball
3-2: Base on Balls
Keith Beard to second
Batting: LHB Paul Mullins 0-0: Called Strike
0-1: Called Strike
0-2: SINGLE (Line Drive, 34)
Keith Beard to third
Claudio Guerra to second
Batting: LHB Bill Bertrand 0-0: Swinging Strike
0-1: Ball
1-1: Ball
2-1: Ball
3-1: Foul Ball, location: 2F
3-2: Base on Balls
Keith Beard scores
Claudio Guerra to third
Paul Mullins to second
Pitching: RHP Manuel López
Batting: RHB Kazushige Aoki 0-0: Called Strike
0-1: Ball
1-1: Ball
2-1: Called Strike
2-2: Strikes out swinging
Batting: RHB Paco Arellano 0-0: SINGLE (Line Drive, 34D)
Claudio Guerra scores
Paul Mullins to third
Bill Bertrand to second
Runner from 3rd tries for Home, SAFE, throw made home
Batting: LHB Jeff Daniels 0-0: Foul Ball, location: 2F
0-1: Called Strike
0-2: Strikes out swinging
Top of the 6th over - 4 run(s), 4 hit(s), 0 error(s), 2 left on base; Portland 7 - Vista 0
BOTTOM OF THE 6TH
Vista Panthers batting - Pitching for Portland Philospher Kings : LHP Allan Bader
Batting: RHB Javier Deleón 0-0: Foul Ball, location: 2F
0-1: Ball
1-1: Ball
2-1: Called Strike
2-2: Ground out 5-3 (Groundball, 56S)
Batting: RHB John Mendelson 0-0: Ball
1-0: Called Strike
1-1: Foul Ball, location: 2F
1-2: Ball
2-2: Ball
3-2: Foul Ball, location: 2F
3-2: Ground out 6-3 (Groundball, 6)
Batting: RHB Alonso Sánchez 0-0: Ball
1-0: Ball
2-0: Foul Ball, location: 2F
2-1: Foul Ball, location: 2F
2-2: Foul Ball, location: 2F
2-2: Foul Ball, location: 2F
2-2: Foul Ball, location: 2F
2-2: Strikes out looking
Bottom of the 6th over - 0 run(s), 0 hit(s), 0 error(s), 0 left on base; Portland 7 - Vista 0
TOP OF THE 7TH
Portland Philospher Kings batting - Pitching for Vista Panthers : RHP Manuel López
Batting: SHB José Alomar 0-0: Ball
1-0: Ball
2-0: Swinging Strike
2-1: Ball
3-1: Called Strike
3-2: Base on Balls
Batting: RHB Aaron Scott 0-0: Called Strike
0-1: Ball
1-1: Swinging Strike
1-2: Ball
2-2: Ball
3-2: Foul Ball, location: 2F
3-2: Strikes out swinging
Batting: LHB Keith Beard 0-0: Ball
1-0: Swinging Strike
1-1: Swinging Strike
1-2: Fielders Choice at 2nd, 1-4 (Groundball, 15)
Batting: RHB Claudio Guerra 0-0: Swinging Strike
0-1: DOUBLE (Flyball, 8LXD)
Keith Beard to third
Batting: LHB Paul Mullins 0-0: Ball
1-0: Ball
2-0: Foul Ball, location: 2F
2-1: SINGLE (Line Drive, 34D)
Keith Beard scores
Claudio Guerra to third
Batting: LHB Bill Bertrand 0-0: Called Strike
0-1: Ground out 4-3 (Groundball, 13)
Top of the 7th over - 1 run(s), 2 hit(s), 0 error(s), 2 left on base; Portland 8 - Vista 0
BOTTOM OF THE 7TH
Vista Panthers batting - Pitching for Portland Philospher Kings : LHP Allan Bader
Batting: RHB Roberto Cruz 0-0: Called Strike
0-1: Ball
1-1: Ground out 6-3 (Groundball, 6S)
Batting: SHB Juan Gómez 0-0: Called Strike
0-1: Foul Ball, location: 2F
0-2: Ball
1-2: Ball
2-2: DOUBLE (Flyball, 78D)
Batting: LHB Harry Pitts 0-0: Swinging Strike
0-1: Fly out, F9 (Flyball, 9D)
Runner from 2nd tags up, SAFE at 3rd, no throw
Batting: LHB Pablo Rivas 0-0: Ball
1-0: Ball
2-0: Called Strike
2-1: Foul Ball, location: 2F
2-2: Ball
3-2: Foul Ball, location: 2F
3-2: Foul Ball, location: 2F
3-2: Strikes out swinging
Bottom of the 7th over - 0 run(s), 1 hit(s), 0 error(s), 1 left on base; Portland 8 - Vista 0
TOP OF THE 8TH
Portland Philospher Kings batting - Pitching for Vista Panthers : RHP Manuel López
Pitching: LHP Cobus Human
Batting: RHB Kazushige Aoki 0-0: Called Strike
0-1: Fly out, F9 (Flyball, 89M)
Batting: RHB Paco Arellano 0-0: DOUBLE (Groundball, 3L)
Batting: LHB Jeff Daniels 0-0: Ball
1-0: Ball
2-0: Called Strike
2-1: 2-RUN HOME RUN (Flyball, 9LD), Distance : 323 ft
Batting: SHB José Alomar 0-0: Swinging Strike
0-1: Ball
1-1: Foul Ball, location: 2F
1-2: Foul Ball, location: 2F
1-2: Ball
2-2: Foul Ball, location: 2F
2-2: Foul Ball, location: 2F
2-2: Ball
3-2: Base on Balls
Batting: RHB Aaron Scott 0-0: Called Strike
0-1: Ball
1-1: Swinging Strike
1-2: SINGLE (Groundball, 6MD)
José Alomar to second
Batting: LHB Keith Beard 0-0: Called Strike
0-1: Ball
1-1: Called Strike
1-2: SINGLE (Groundball, 15) (infield hit)
José Alomar to third
Aaron Scott to second
Batting: RHB Claudio Guerra 0-0: Swinging Strike
0-1: SINGLE (Groundball, 4D)
José Alomar scores
Aaron Scott to third
Keith Beard to second
Batting: LHB Paul Mullins 0-0: Ball
1-0: Ball
2-0: DOUBLE (Flyball, 9D)
Aaron Scott scores
Keith Beard scores
Claudio Guerra to third
Pitching: RHP Mario Chávez
Batting: LHB Bill Bertrand 0-0: Ball
1-0: Fly out, F8 (Flyball, 8LD)
Runner from 3rd tags up, SCORES, throw made
Pinch Hitting: RHB Elpidio Martinho 0-0: Ball
1-0: Fly out, F7 (Line Drive, 7S)
Top of the 8th over - 6 run(s), 6 hit(s), 0 error(s), 1 left on base; Portland 14 - Vista 0
BOTTOM OF THE 8TH
Vista Panthers batting - Pitching for Portland Philospher Kings : LHP Allan Bader
Now at 2B: Elpidio Martinho
Batting: RHB Jason Jackson 0-0: Ground out 1-3 (Groundball, 15)
Batting: RHB Salvador Salas 0-0: Called Strike
0-1: Ball
1-1: Ground out 6-3 (Groundball, 6)
Batting: RHB Javier Deleón 0-0: Called Strike
0-1: Ball
1-1: Ball
2-1: Ground out 6-3 (Groundball, 6MS)
Bottom of the 8th over - 0 run(s), 0 hit(s), 0 error(s), 0 left on base; Portland 14 - Vista 0
TOP OF THE 9TH
Portland Philospher Kings batting - Pitching for Vista Panthers : RHP Mario Chávez
Batting: RHB Paco Arellano 0-0: Ball
1-0: Called Strike
1-1: Ball
2-1: Ball
3-1: Base on Balls
Batting: LHB Jeff Daniels 0-0: 2-RUN HOME RUN (Flyball, 9LD), Distance : 339 ft
Batting: SHB José Alomar 0-0: Foul Ball, location: 2F
0-1: Ball
1-1: Foul Ball, location: 2F
1-2: Foul Ball, location: 2F
1-2: Ball
2-2: Foul Ball, location: 2F
2-2: Ball
3-2: Ground out 5-3 (Groundball, 56)
Batting: RHB Aaron Scott 0-0: Ball
1-0: Foul Ball, location: 2F
1-1: Ball
2-1: Foul Ball, location: 2F
2-2: Ball
3-2: Base on Balls
Batting: LHB Keith Beard 0-0: Ball
1-0: Ball
2-0: Ball
3-0: Called Strike
3-1: Fly out, F8 (Flyball, 8LM)
Batting: RHB Claudio Guerra Pickoff Throw to First - Out!
Top of the 9th over - 2 run(s), 1 hit(s), 0 error(s), 0 left on base; Portland 16 - Vista 0
BOTTOM OF THE 9TH
Vista Panthers batting - Pitching for Portland Philospher Kings : LHP Allan Bader
Batting: RHB John Mendelson 0-0: Ball
1-0: SOLO HOME RUN (Flyball, 78XD) (Inside the Park)
Batting: RHB Alonso Sánchez 0-0: Ground out 4-3 (Groundball, 4)
Batting: RHB Roberto Cruz 0-0: Ball
1-0: Ground out 5-3 (Groundball, 56S)
Batting: SHB Juan Gómez 0-0: Called Strike
0-1: Called Strike
0-2: Ball
1-2: Ball
2-2: Ball
3-2: Foul Ball, location: 2F
3-2: Ground out 1-3 (Groundball, 15)
Bottom of the 9th over - 1 run(s), 1 hit(s), 0 error(s), 0 left on base; Portland 16 - Vista 1
This league is powered by Out of the Park Baseball, the baseball management simulation game for PC, Mac and Linux
Saturday, April 9th, 2016 - OOTP Baseball 16.8 Build 38